 Dungeon Crawl Stone Soup version 0.27-a0-1591-gc56fcc985a (webtiles) character file.

Game seed: 3179519264755168672

148 Conn the Firebug (level 5, -13/49 HPs)
             Began as an Octopode Fire Elementalist on July 19, 2021.
             Splashed by Ijyb's acid (14 damage)
             ... on level 4 of the Dungeon.
             The game lasted 00:05:04 (4194 turns).

Conn the Firebug (Octopode Fire Elementalist)       Turns: 4194, Time: 00:05:05

Health: -13/49     AC: 18    Str:  7    XL:     5   Next: 30%
Magic:  3/9        EV:  2    Int: 18    God:
Gold:   115        SH:  0    Dex: 13    Spells: 2/9 levels left

rFire    . . .     SeeInvis .   d - +1 short sword (venom)
rCold    . . .     Faith    .   (no shield)
rNeg     + + +     Spirit   .   (helmet currently unavailable)
rPois    +         Reflect  .   (no amulet)
rElec    .         Harm     .   (no ring)
rCorr    .         Rampage  .   (no ring)
Will     .....     NoTele   +   (no ring)
Stlth    ++........             (no ring)
HPRegen  0.16/turn              (no ring)
MPRegen  0.11/turn              (no ring)
                                (no ring)
                                (no ring)

@: tree-form, corroded
A: stationary, stasis, torment immunity, boosted hp, almost no armour,
(amphibious), 8 rings, (camouflage 1), (gelatinous body 1), (nimble swimmer 1),
(tentacles)
a: no special abilities


You were on level 4 of the Dungeon.
You were a tree.
You visited 1 branch of the dungeon, and saw 4 of its levels.

You collected 115 gold pieces.

Inventory:

Hand Weapons
 d - a +1 short sword of venom (weapon)
Jewellery
 b - a ring of ice
Scrolls
 a - a scroll of amnesia {unknown}
 e - a scroll of identify {unknown}
 g - a scroll of immolation {unknown}
Potions
 c - a potion of ambrosia {unknown}
 f - a potion of curing {unknown}
 h - a potion of lignification


   Skills:
 + Level 1.2 Fighting
 + Level 1.3 Short Blades
 + Level 2.4 Dodging
 + Level 3.4 Stealth
 + Level 2.8 Spellcasting
 + Level 2.2 Conjurations
 + Level 3.6 Fire Magic


You had 2 spell levels left.
You knew the following spells:

 Your Spells              Type           Power      Damage    Failure   Level
a - Foxfire               Conj/Fire      52%        2x1d6     4%          1
b - Conjure Flame         Conj/Fire      13%        6-21      16%         3
c - Inner Flame           Hex/Fire       9%         N/A       24%         3

Your spell library contained the following spells:

 Spells                   Type           Power      Damage    Failure   Level
 Animate Skeleton         Necr           4%         N/A       17%         1
 Apportation              Tloc           4%         N/A       17%         1
 Corona                   Hex            2%         N/A       17%         1
 Summon Small Mammal      Summ           8%         N/A       17%         1
 Sticky Flame             Conj/Fire      13%        2d4       45%         4
 Fireball                 Conj/Fire      6%         3d5       80%         5
 Alistair's Intoxication  Tmut/Pois      1%         N/A       99%         5
 Invisibility             Hex            1%         N/A       100%        6


Dungeon Overview and Level Annotations

Branches:
Dungeon (4/15)
 Temple: D:4-7

Altars:

Annotations:
D:4 Ijyb


Innate Abilities, Weirdness & Mutations

You are a tree.
Your roots penetrate the ground, keeping you stationary.
You cannot be teleported.
You are immune to unholy pain and torment.
Your maximum health is greatly increased.
You cannot wear most types of armour.
((You are amphibious.))
You can wear up to eight rings at the same time.
((Your skin changes colour to match your surroundings (Stealth+).))
((Your rubbery body absorbs attacks. (AC +1, EV +1)))
((You are camouflaged near water. (Stealth+)))
((You have tentacles for arms and can constrict up to eight enemies at once.))


Message History

You hit Ijyb.
Ijyb looks even sicker.
You grab Ijyb.
Ijyb is heavily wounded.
You constrict Ijyb, but do no damage.
Ijyb hits you with a +1 dagger of flaming.
Ijyb burns you.
Okay, then.
Press: ? - help, v - describe, . - travel
Here: Ijyb, wielding a +1 dagger of flaming, wearing a +0 chain mail and carrying a wand of acid (9) (heavily wounded, constricted by you, very poisoned)
The floor.
Unknown command.
Unknown command.
It was a potion of lignification.
You turn into a tree.
Your roots penetrate the ground.
You lose your grip on Ijyb.
Ijyb barely misses you.
Casting: Foxfire (safe; 4% risk of failure)
Confirm with . or Enter, or press ? or * to list all spells.
Okay, then.
You aren't carrying any items that you can evoke.
Unknown command.
Unknown command.
Unknown command.
Casting: Foxfire (safe; 4% risk of failure)
Confirm with . or Enter, or press ? or * to list all spells.
Okay, then.
Casting: Foxfire (safe; 4% risk of failure)
Confirm with . or Enter, or press ? or * to list all spells.
You conjure some foxfire!
Ijyb zaps a wand.
The bolt of acid hits you but does no damage.
The acid corrodes you!
You are splashed with acid!
The foxfire hits Ijyb but does no damage.
Ijyb is almost dead.
The foxfire hits Ijyb.
Ijyb is almost dead.
Ijyb hits you but does no damage.
Casting: Foxfire (safe; 4% risk of failure)
Confirm with . or Enter, or press ? or * to list all spells.
You conjure some foxfire!
Ijyb zaps a wand.
The bolt of acid hits you!
* * * LOW HITPOINT WARNING * * *
You are splashed with acid!
You die...

#.# #.# #.# #.#
##.###.# ......#
#|.##.# #..##.#
#.##gv##.#
#...♣v...#
#####.##.# .
######.##.#
..#####......##.#
^.......#######.#
........#######.#
........#.......#
#.##.......#.#######
#.##.......#.#####


You could see Ijyb (very poisoned, ally target).

Vanquished Creatures
  4 adders
  2 gnolls (D:2)
  2 worms
  5 orcs (D:3)
  3 bats
  6 endoplasms
  3 giant cockroaches
  11 goblins
  6 hobgoblins
  7 jackals
  3 quokkas
  8 ball pythons
  3 frilled lizards (D:1)
  7 kobolds
  6 rats
76 creatures vanquished.

Vanquished Creatures (others)
  248 foxfires
  A plant (D:3)
249 creatures vanquished.

Grand Total: 325 creatures vanquished

Notes
Turn   | Place    | Note
-------+----------+-------------------------------------------
     0 | D:1      | Conn the Octopode Fire Elementalist began the quest for the
                  | Orb.
     0 | D:1      | Reached XP level 1. HP: 11/11 MP: 3/3
   399 | D:1      | Found a faded altar of an unknown god.
   420 | D:1      | Reached XP level 2. HP: 10/17 MP: 0/5
  1326 | D:1      | Reached XP level 3. HP: 15/21 MP: 3/6
  1894 | D:2      | Reached skill level 1 in Fighting
  2475 | D:3      | Reached XP level 4. HP: 28/28 MP: 5/7
  2752 | D:3      | Reached skill level 1 in Short Blades
  3314 | D:2      | Reached XP level 5. HP: 18/33 MP: 1/9
  3672 | D:1      | Learned a level 3 spell: Conjure Flame
  3676 | D:1      | Learned a level 3 spell: Inner Flame
  4179 | D:4      | Noticed Ijyb
  4194 | D:4      | HP: 1/49 [Ijyb/bolt of acid (17)]
  4194 | D:4      | Splashed by Ijyb's acid

Illustrated notes

Levels and vault maps discovered:
D:1:      minmay_arrival_diagonal_passages, layout_loops_ring,
          ebering_ecumenical_altar_abandoned, minmay_3d_cube
D:2:      layout_rooms, kennysheep_generic_room_15
D:3:      layout_basic, saegor_snake_ambush
D:4:      layout_basic, minmay_temple_entry_nine_rooms, serial_shops, shop,
          uniq_crazy_yiuf_cottage, uniq_ijyb

Skill      XL: |  1  2  3  4 |
---------------+-------------+-----
Fighting       | 1 |  1.2
Stealth        | 3 |  3.4
Short Blades   | 1 |  1.3
Conjurations   | 2 |  2.2
Dodging        | |  2.4
Spellcasting   | |  2.8
Fire Magic     | |  3.6

Action                   |  1- 3 |  4- 6 || total
-------------------------+-------+-------++-------
Melee: Unarmed           |    12 |       ||    12
       Tentacles         |     5 |     3 ||     8
       Constrict         |     4 |     8 ||    12
       Short sword       |     9 |    25 ||    34
 Cast: Foxfire           |    79 |    63 ||   142
  Use: Potion            |       |     1 ||     1
 Stab: Sleeping          |     2 |     1 ||     3
Armor: Skin              |     3 |     7 ||    10
Dodge: Dodged            |    46 |    39 ||    85

Table legend: (Time is in decaauts)
 A = Elapsed time spent in this place.
 B = Non-inter-level travel time spent in this place.
 C = Inter-level travel time spent in this place.
 D = Time resting spent in this place.
 E = Time spent auto-exploring this place.
 F = Levels seen in this place.
 G = Mean time per level.
                   A        B        C        D        E       F      G
               +--------+--------+--------+--------+--------+-----+--------+
         Total |   4197 |   4156 |     41 |    731 |   2656 |   4 | 1049.2 |
       Dungeon |   4197 |   4156 |     41 |    731 |   2656 |   4 | 1049.2 |
               +--------+--------+--------+--------+--------+-----+--------+

Top non-repeatable levels by time:
     D:1: 2002 daAuts
     D:3: 1450 daAuts
     D:2: 602 daAuts
     D:4: 142 daAuts
